 Dungeon Crawl Stone Soup version 0.21.1-1-g345015f (webtiles) character file.

447 inc the Magician (level 7, -1/41 HPs)
             Began as an Octopode Ice Elementalist on Mar 16, 2018.
             Was an Initiate of Gozag.
             Splashed by a jelly's acid (7 damage)
             ... on level 5 of the Dungeon.
             The game lasted 00:08:35 (5966 turns).

inc the Magician (Octopode Ice Elementalist)        Turns: 5966, Time: 00:08:37

Health: -1/41      AC:  1    Str:  7    XL:     7   Next: 3%
Magic:  8/14       EV: 13    Int: 19    God:    Gozag
Gold:   212        SH:  5    Dex: 13    Spells: 11/15 levels left

rFire    . . .     SeeInvis .   (no weapon)
rCold    . . .     Gourm    .   f - +0 buckler
rNeg     . . .     Faith    .   (helmet restricted)
rPois    .         Spirit   .   (no amulet)
rElec    .         Reflect  .   (no ring)
rCorr    .         Harm     .   (no ring)
MR       .....                  (no ring)
Stlth    +++.......             (no ring)
HPRegen  0.13/turn              (no ring)
MPRegen  0.14/turn              (no ring)
                                (no ring)
                                (no ring)

@: gold aura, very slightly contaminated
A: almost no armour, stealthy swim, amphibious, 8 rings, constrict 8, camouflage
1, gelatinous body 1
a: Potion Petition, Call Merchant, Bribe Branch, Renounce Religion


You were on level 5 of the Dungeon.
You worshipped Gozag.
Gozag was aware of your devotion.
You were not hungry.

You visited 1 branch of the dungeon, and saw 5 of its levels.

You collected 259 gold pieces.
You paid 47 gold pieces to Gozag.

Inventory:

Armour
 f - a +0 buckler (worn)
Wands
 h - a wand of polymorph (11)
 n - a wand of flame (23)
Scrolls
 j - 2 scrolls of noise {unknown}
 m - 5 scrolls of teleportation {unknown}
 o - 2 scrolls of remove curse {unknown}
Potions
 c - a potion of ambrosia {unknown}
 d - a potion of agility {unknown}
 e - 2 potions of lignification
 g - 2 potions of might {unknown}
 i - a potion of mutation
 k - 2 potions of resistance
 l - 2 potions of flight
 p - a potion of cancellation {unknown}
 q - 2 potions of curing {unknown}
Books
 a - a book of Frost

   Spells                             Type                      Level
   a - Freeze                         Ice                          1
   b - Throw Frost                    Conjuration/Ice              2
   c - Ozocubu's Armour               Charms/Ice                   3
   d - Throw Icicle                   Conjuration/Ice              4
   e - Summon Ice Beast               Ice/Summoning                4
Comestibles
 b - 4 rations


   Skills:
 - Level 2.0 Dodging
 - Level 2.6 Stealth
 - Level 4.0 Shields
 + Level 4.7 Spellcasting
   Level 1.0 Conjurations
 - Level 4.1 Ice Magic


You had 11 spell levels left.
You knew the following spells:

 Your Spells              Type           Power        Failure   Level  Hunger
a - Freeze                Ice            ###.         2%          1    None
b - Ozocubu's Armour      Chrm/Ice       ##......     16%         3    ##.....


Dungeon Overview and Level Annotations

Branches:
Dungeon (5/15)
 Temple: D:4-7

Altars:
Gozag

Shops:
D:4 *


Innate Abilities, Weirdness & Mutations

You cannot wear most types of armour.
You are very stealthy in the water. (Stealth+)
You are amphibious.
You can wear up to eight rings at the same time.
You can use your tentacles to constrict eight enemies at once.
Your skin changes colour to match your surroundings (Stealth+).
Your rubbery body absorbs attacks. (AC +1, EV +1)


Message History

Confirm with . or Enter, or press ? or * to list all spells.
Aiming: Freeze
Press: ? - help, Shift-Dir - straight line, f/p - jelly
Aim: a jelly (severely wounded)
You freeze the jelly.
The jelly is almost dead.
The jelly hits you.
You are splashed with acid!
The acid burns!
* * * LOW HITPOINT WARNING * * *
Casting: Freeze
Confirm with . or Enter, or press ? or * to list all spells.
Aiming: Freeze
Press: ? - help, Shift-Dir - straight line, f/p - jelly
Aim: a jelly (almost dead)
You freeze the jelly.
The jelly is almost dead.
The jelly hits you.
* * * LOW HITPOINT WARNING * * *
You are splashed with acid!
The acid burns!
You die...
Your body crumbles into a pile of gold.

#.....#####.....
#...............
#####...............
##...#...............
#....#...........[..)
#...#...............
##...#...............
#....J...............
#...@#.....####'###..
#....#.....#......#..
#....#.....#......#..
#########...#.....#......#..
........##'########......#..
........#....#...##......#..
........#....#...##......#..
........#....#...........#..
........'....#...........#..


You could see a jelly.

Vanquished Creatures
  A centaur (D:5)
  A crimson imp (D:4)
  2 orc wizards
  A bullfrog skeleton (D:5)
  Ijyb (D:4)
  2 worker ants
  A worker ant zombie (D:5)
  4 adders
  2 worms
  7 dart slugs
  A leopard gecko (D:1)
  11 orcs
  4 giant cockroaches
  8 goblins
  7 hobgoblins
  9 jackals
  11 kobolds
  A quokka (D:3)
  2 ball pythons
  12 bats
  9 frilled lizards
  5 rats
102 creatures vanquished.

Notes
Turn   | Place    | Note
-------+----------+-------------------------------------------
     0 | D:1      | inc the Octopode Ice Elementalist began the quest for the Orb.
     0 | D:1      | Reached XP level 1. HP: 11/11 MP: 3/3
   430 | D:1      | Reached XP level 2. HP: 17/17 MP: 0/5
   969 | D:1      | Reached XP level 3. HP: 21/21 MP: 3/6
  1644 | D:2      | Reached skill level 1 in Shields
  1865 | D:2      | Reached XP level 4. HP: 23/27 MP: 1/7
  3240 | D:3      | Reached XP level 5. HP: 27/31 MP: 2/8
  4610 | D:4      | Found Gozag's Platinum Reserve.
  4610 | D:4      | Found an opulent altar of Gozag.
  4610 | D:4      | Noticed Ijyb
  4665 | D:4      | Killed Ijyb
  4918 | D:4      | Became a worshipper of Gozag Ym Sagoz the Greedy
  4922 | D:4      | Reached XP level 6. HP: 36/36 MP: 6/10
  5286 | D:5      | Entered Level 5 of the Dungeon
  5290 | D:5      | Noticed an ice beast
  5804 | D:5      | Learned a level 3 spell: Ozocubu's Armour
  5853 | D:5      | Reached XP level 7. HP: 29/41 MP: 8/14
  5966 | D:5      | Splashed by a jelly's acid

Skill      XL: |  1  2  3  4  5  6 |
---------------+-------------------+-----
Ice Magic      | 4 |  4.1
Shields        | 1 3 4 |  4.0
Spellcasting   | 3 4 |  4.7
Dodging        | |  2.0
Stealth        | |  2.6
Conjurations   | |  1.0

Action                   |  1- 3 |  4- 6 |  7- 9 || total
-------------------------+-------+-------+-------++-------
Melee: Unarmed           |    28 |    52 |    10 ||    90
       Constrict         |     7 |    13 |     1 ||    21
       Tentacles         |     5 |     5 |     1 ||    11
 Cast: Freeze            |    46 |   105 |     9 ||   160
  Use: Potion            |       |     1 |       ||     1
       Scroll            |       |     3 |       ||     3
 Stab: Sleeping          |     3 |     7 |       ||    10
  Eat: Chunk             |     3 |    10 |       ||    13
       Ration            |       |     2 |       ||     2
Armor: Skin              |       |    16 |       ||    16
Dodge: Dodged            |    29 |    67 |     8 ||   104
Block: Buckler           |     2 |    23 |     1 ||    26
